 Dungeon Crawl Stone Soup version 0.30-a0-918-g0ff054e9dc (webtiles) character file.

Game seed: 17366565587284420074

69 BigDaddyOpFi the Trooper (level 4, 0/49 HPs)
             Began as an Ogre Cinder Acolyte on Mar 20, 2023.
             Was a Priest of Ignis.
             Succumbed to an adder's poison
             ... on level 2 of the Dungeon.
             The game lasted 00:01:23 (1146 turns).

BigDaddyOpFi the Trooper (Ogre Cinder Acolyte)      Turns: 1146, Time: 00:01:23

Health: 0/49       AC:  3    Str: 20    XL:     4   Next: 20%
Magic:  7/7        EV:  9    Int: 15    God:    Ignis [***...]
Gold:   97         SH:  0    Dex:  4    Spells: 7/7 levels left

rFire   + + .      SeeInvis .    a - -1 spear (flame)
rCold   + . .      Faith    .    (no shield)
rNeg    . . .      Spirit   .    b - +0 robe
rPois   +          Reflect  .    (helmet restricted)
rElec   +          Rampage  .    (no cloak)
rCorr   +                        (gloves unavailable)
Will    .....                    (boots unavailable)
Stlth   +                        (no amulet)
HPRegen 0.28/turn                (no ring)
MPRegen 0.10/turn                (no ring)

@: lethally poisoned (0 -> -2), resistant, attractive
A: large, unfitting armour, tough skin 1
a: Renounce Religion, Fiery Armour, Foxfire Swarm


You were on level 2 of the Dungeon.
You worshipped Ignis.
Ignis was most pleased with you.
You visited 1 branch of the dungeon, and saw 3 of its levels.

You collected 97 gold pieces.

Inventory:

Hand Weapons
 a - a -1 spear of flaming (weapon)
 m - a +0 broad axe
Armour
 b - a +0 robe (worn)
 l - a +0 kite shield
Scrolls
 e - 2 scrolls of noise {unknown}
 f - a scroll of identify {unknown}
 h - a scroll of vulnerability {unknown}
 i - a scroll of silence {unknown}
 j - a scroll of enchant armour {unknown}
Potions
 k - a potion of haste {unknown}


   Skills:
 + Level 4.7 Fighting
 + Level 3.5 Polearms
 + Level 2.3 Spellcasting
 + Level 3.2 Fire Magic


You had 7 spell levels left.
You didn't know any spells.
Your spell library contained the following spells:

 Spells                   Type           Power      Damage    Failure   Level
 Scorch                   Fire           22%        2d6       9%          2


Dungeon Overview and Level Annotations

Branches:
Dungeon (3/15)

Altars:
Okawaru

Annotations:
D:3 jimonade's ghost, amateur HuFi


Innate Abilities, Weirdness & Mutations

You are too large for most types of armour.
You have tough skin. (AC +1)


Message History

Press: ? - help, Dir - look around, f - activate Flames leap up around you!
You feel sick.
The adder bites you but does no damage. x2
Unknown command.
You closely miss the adder.
The adder is heavily wounded.
You feel sick.
The foxfire hits the adder.
The adder is severely wounded.
The foxfire hits the adder.
The adder is almost dead.
The foxfire hits the adder.
You kill the adder!
The foxfire hits the adder.
You kill the adder!
The foxfire hits jimonade's ghost.
Jimonade's ghost is moderately damaged.
Jimonade's ghost is engulfed in a cloud of scalding steam.
You have reached level 4!
You hit jimonade's ghost but do no damage.
Jimonade's ghost is heavily damaged.
You feel sick. Jimonade's ghost hits you!
* * * LOW HITPOINT WARNING * * *
You barely miss jimonade's ghost.
Jimonade's ghost is heavily damaged.
With a burst of heat and light, you rocket upward!
* * * LOW HITPOINT WARNING * * *
You feel sick.
Found a whip.
There is a shaft here.
Unknown command.
It was a potion of magic.
Magic courses through your body.
* * * LOW HITPOINT WARNING * * *
You feel sick.
It was a potion of resistance.
You feel protected.
* * * LOW HITPOINT WARNING * * *
You feel sick.
It was a potion of attraction.
You feel attractive to monsters.
You die...

### #.. ).# ####.# #.# ..#.#
#.. #.#.# ###.####
#####.#.##........
#..........##...## ..#
#.###.#.####.....# #.#
###.###.#.#####.@.#####. #.#
........#..........<.... #.#
###.############.####### #.#
#...#### #.# #.# #.#....# ##'##
###.### #...##.# ##...##
#.....# ######.# ##.....##
#.#.#.# ##..# ##.......##
#..[#.#
#####...####.........####...#.#


There were no monsters in sight!

Vanquished Creatures
  An orc wizard (D:3)
  2 adders (D:3)
  A dart slug (D:3)
  3 orcs (D:3)
  2 ball pythons
  3 bats
  3 endoplasms (D:3)
  A giant cockroach (D:1)
  A goblin (D:2)
  2 kobolds
  A frilled lizard (D:1)
  A rat (D:3)
21 creatures vanquished.

Vanquished Creatures (others)
  19 foxfires (D:3)
19 creatures vanquished.

Grand Total: 40 creatures vanquished

Notes
Turn   | Place    | Note
-------+----------+-------------------------------------------
     0 | D:1      | BigDaddyOpFi the Ogre Cinder Acolyte began the quest for
                  | the Orb.
     0 | D:1      | Reached XP level 1. HP: 24/24 MP: 2/2
   223 | D:2      | Reached XP level 2. HP: 32/32 MP: 2/4
   520 | D:3      | Reached XP level 3. HP: 36/40 MP: 4/6
   526 | D:3      | Found an iron altar of Okawaru.
   898 | D:3      | Found a runed translucent door.
   902 | D:3      | Noticed jimonade's ghost (amateur HuFi)
  1142 | D:3      | Reached XP level 4. HP: 14/49 MP: 7/7
  1143 | D:2      | HP: 2/49 [poisoned by an adder]
  1146 | D:2      | Succumbed to an adder's poison

Illustrated notes

Levels and vault maps discovered:
D:1:      roderic_octagonal_star, layout_loops_ring
D:2:      layout_loops_corners, minmay_hexomino_c4
D:3:      layout_loops_ring, mainiacjoe_overflow_brackets, ebering_ghost_sewer_d

Skill      XL: |  1  2 |
---------------+-------+-----
Spellcasting   | 2 |  2.3
Fire Magic     | 3 |  3.2
Fighting       | |  4.7
Polearms       | |  3.5

Action                     |  1- 3 |  4- 6 || total
---------------------------+-------+-------++-------
  Melee: Spear             |    74 |     2 ||    76
 Invoke: Foxfire Swarm     |     4 |       ||     4
         Rising Flame      |     1 |       ||     1
    Use: Potion            |       |     3 ||     3
 Armour: Robe              |    29 |       ||    29
  Dodge: Dodged            |    27 |       ||    27

Table legend: (Time is in decaauts)
 A = Elapsed time spent in this place.
 B = Non-inter-level travel time spent in this place.
 C = Inter-level travel time spent in this place.
 D = Time resting spent in this place.
 E = Time spent auto-exploring this place.
 F = Levels seen in this place.
 G = Mean time per level.
                   A        B        C        D        E       F      G
               +--------+--------+--------+--------+--------+-----+--------+
         Total |   1140 |   1115 |     25 |      0 |    938 |   3 |  380.0 |
       Dungeon |   1140 |   1115 |     25 |      0 |    938 |   3 |  380.0 |
               +--------+--------+--------+--------+--------+-----+--------+

Top non-repeatable levels by time:
     D:3: 739 daAuts
     D:2: 293 daAuts
     D:1: 108 daAuts
